 Seeded DCSS version 0.27.1-34-g3ba077fa99 (webtiles) character file.

Game seed: 17438665072932102009 (custom seed)

360160 ravioli the Sorcerer (level 23, -3/134 HPs)
             Began as a Djinni Fire Elementalist on Feb 3, 2022.
             Was a Believer of Ashenzari.
             Killed from afar by a frost giant (47 damage)
             ... with a bolt of cold
             ... on level 2 of the Depths on Feb 4, 2022.
             The game lasted 03:19:07 (71615 turns).

ravioli the Sorcerer (Djinni Fire Elementalist)    Turns: 71615, Time: 03:19:08

Health: -3/134     AC: 10    Str:  8    XL:     23   Next: 46%
Gold:   1914       EV: 16    Int: 32    God:    Ashenzari [**....] SH: 15 Dex: 16

rFire    + + .     SeeInvis +   Q - staff of earth
rCold    . . .     Faith    .   S - +0 kite shield of the Shattered Augurer {Cun, Self} (curse)
rNeg     . . .     Spirit   .   s - +2 robe {Archmagi}
rPois    ∞         Reflect  +   C - +2 helmet "Per Aspera Ad Scientiam" {Regen+ Int+5, Self, Cun} (curse)
rElec    .         Harm     .   W - +2 cloak
rCorr    .         Rampage  +   (no gloves)
Will     ++...     Archmagi +   (boots unavailable)
Stlth    ++++......             L - amulet of Raecwoawn {Reflect Rampage Int+3 SH+5}
HPRegen  1.32/turn              E - ring of protection from cold
MPRegen  0.00/turn              H - ring of Ashenzari's Ethics {Wiz, Evo, Self} (curse)

@: flying, studying 2 skills
A: sickness immunity, fire resistance 2, cold vulnerability 1, float, innate
caster, hp casting, extra vitality 1
}: 2/15 runes: decaying, serpentine
a: Renounce Religion, Curse Item, Shatter the Chains


You were on level 2 of the Depths.
You worshipped Ashenzari.
Ashenzari was pleased with you.
You visited 8 branches of the dungeon, and saw 38 of its levels.
You also visited: Wizlab.

You collected 4937 gold pieces.
You spent 3023 gold pieces at shops.

Inventory:

Hand Weapons
 u - the +5 hand axe "Murmur" {protect, rF+ rCorr Str+5 Dex-3}
   (You found it on level 5 of the Dungeon)

   It grants its wielder temporary protection when it strikes (+7 to AC).
   Str:       It affects your strength (+5).
   Dex:       It affects your dexterity (-3).
   rF:        It protects you from fire.
   rCorr:     It protects you from acid and corrosion.
Missiles
 l - 6 throwing nets
Armour
 s - a +2 robe of the Archmagi (worn)
 C - the cursed +2 helmet "Per Aspera Ad Scientiam" (worn) {Regen+ Int+5, Self, Cun}
   (You bought it in a shop on level 1 of the Dungeon)

   Int:       It affects your intelligence (+5).
   Regen:     It increases your rate of health regeneration.
   It has a curse which improves the following skills: Introspection: Fighting
   and Spellcasting.
   Cunning:   Dodging and Stealth.
 S - the cursed +0 kite shield of the Shattered Augurer (worn) {Cun, Self}
   (You took it off an orc warlord on level 2 of the Orcish Mines)

   It has a curse which improves the following skills: Cunning: Dodging and
   Stealth.
   Introspection: Fighting and Spellcasting.
 W - a +2 cloak (worn)
 X - a +1 robe of willpower
Magical Staves
 G - a staff of fire
 Q - a staff of earth (weapon)
Jewellery
 p - the amulet "Plog" {rElec Regen+ Int+5 Dex+2}
   (You bought it in a shop on level 1 of the Dungeon)

   [amulet of regeneration]

   Int:       It affects your intelligence (+5).
   Dex:       It affects your dexterity (+2).
   rElec:     It insulates you from electricity.
   Regen:     It increases your rate of health regeneration.
 t - the ring of Gydwav {Fly AC+4 SInv}
   (You took it off an ironbound preserver on level 2 of the Vaults)

   [ring of protection]

   AC:        It affects your AC (+4).
   SInv:      It lets you see invisible.
   Fly:       It grants you flight.
 v - a +6 ring of strength
 E - a ring of protection from cold (left hand)
 H - the cursed ring of Ashenzari's Ethics (right hand) {Wiz, Evo, Self}
   (You bought it in a shop on level 2 of the Orcish Mines)

   [ring of wizardry]

   It improves your spell success rate.
   It has a curse which improves the following skills: Evocations: Evocations.
   Introspection: Fighting and Spellcasting.
 J - the ring "Ucruerch" {rF+ Will+ Stlth+}
   (You acquired it on level 1 of the Vaults)

   [ring of protection from fire]

   rF:        It protects you from fire.
   Will:      It increases your willpower.
   Stlth:     It makes you more stealthy.
 L - the amulet of Raecwoawn (around neck) {Reflect Rampage Int+3 SH+5}
   (You bought it in a shop on level 2 of the Orcish Mines)

   [amulet of reflection]

   It reflects blocked missile attacks.
   Int:       It affects your intelligence (+3).
   SH:        It affects your SH (+5).
   Rampage:   It bestows one free step when moving towards enemies.
 R - a ring of protection from cold
 V - a ring of wizardry
 Y - a ring of willpower
 Z - a ring of positive energy
Wands
 n - a wand of iceblast (39)
 A - a wand of charming (5)
 F - a wand of acid (15)
 N - a wand of mindburst (18)
 O - a wand of flame (19)
 T - a wand of digging (4)
Scrolls
 b - a scroll of holy word
 d - 15 scrolls of teleportation
 g - 3 scrolls of blinking
 h - 5 scrolls of immolation
 j - 6 scrolls of enchant weapon
 m - 3 scrolls of magic mapping
 q - 7 scrolls of noise
 y - 5 scrolls of fog
 D - 4 scrolls of fear
 I - a scroll of silence
 K - a scroll of summoning
Potions
 a - a potion of cancellation
 c - a potion of resistance
 e - 16 potions of curing
 i - a potion of heal wounds
 k - 3 potions of invisibility
 r - 5 potions of haste
 w - 3 potions of lignification
 x - 4 potions of mutation
 z - 4 potions of brilliance
 B - 5 potions of attraction
 M - 3 potions of ambrosia
Miscellaneous
 f - a lightning rod (4/4)
 o - a tin of tremorstones (2/2)
 P - a box of beasts
 U - a condenser vane


   Skills:
 - Level 1.6(3.7) Fighting
 - Level 8.6(10.8) Dodging
 + Level 7.8(10.1) Stealth
 + Level 7.2 Shields
 + Level 25.0(27) Spellcasting
 - Level 14.6(15.7) Evocations


You had 8 spell levels left.
You knew the following spells:

 Your Spells              Type           Power      Damage    Failure   Level
a - Foxfire               Conj/Fire      100%       2x1d9     0%          1
b - Conjure Flame         Conj/Fire      100%       6-21      0%          3
c - Inner Flame           Hex/Fire       100%       N/A       0%          3
d - Sticky Flame          Conj/Fire      100%       2d11      0%          4
e - Fireball              Conj/Fire      72%        3d27      0%          5
f - Beastly Appendage     Tmut           100%       N/A       0%          1
g - Blink                 Tloc           N/A        N/A       0%          2
h - Confusing Touch       Hex            100%       N/A       0%          3
i - Tukima's Dance        Hex            100%       N/A       0%          3
j - Dispel Undead         Necr           100%       3d31      0%          4
k - Lightning Bolt        Conj/Air       72%        1d98      0%          5
l - Iron Shot             Conj/Erth      85%        9d15      0%          6
m - Summon Hydra          Summ           72%        N/A       0%          7
n - Shadow Creatures      Summ           N/A        N/A       0%          6
o - Haunt                 Necr/Summ      72%        N/A       0%          7
p - Discord               Hex            72%        N/A       1%          8
Your spell library was empty.

Dungeon Overview and Level Annotations

Branches:
Dungeon (15/15)            Temple (1/1) D:6            Lair (6/6) D:8
  Swamp (4/4) Lair:2        Snake (4/4) Lair:4        Slime (0/5) Lair:6
    Orc (2/2) D:9             Elf (0/3) Orc:2        Vaults (4/5) D:14
  Crypt (0/3) Vaults:2     Depths (2/5) D:15         WizLab (visited)

Altars:
Ashenzari
Cheibriados
Dithmenos
Elyvilon
Fedhas
Gozag
Hepliaklqana
Kikubaaqudgha
Makhleb
Nemelex Xobeh
Okawaru
Qazlal
Ru
Sif Muna
Trog
Uskayaw
Vehumet
Wu Jian
Xom
Yredelemnul
Zin
The Shining One

Shops:
D:1 *   D:7 *   D:10 *   D:13 =   Orc:2 =*[:(   Snake:1 =*   Vaults:1 *
Vaults:2 ?

Portals:
Hell: Depths:1
Abyss: Depths:1

Annotations:
Swamp:3 2 transporters, Jacimip's ghost, journeyman HaHu


Innate Abilities, Weirdness & Mutations

You are immune to sickness and miasma.
You are immune to poison.
Your flesh is very heat resistant. (rF++)
You are vulnerable to cold. (rC-)
You float through the air rather than walking.
You learn spells naturally, not from books.
Your magical power is your life essence.
You have superior vitality. (+4 HP)


Message History

Press: ? - help, Q - select action, (/) - cycle Shift-Dir - straight line, f - shadow dragon
Aim: a shadow dragon (severely wounded, wandering, hasn't noticed you, 84% to hit)
You feel a strong surge of power!
The iron shot hits the shadow dragon!!!!
You kill the shadow dragon!
The +0 shadow dragon scales are intact enough to wear.
You start resting.
HP restored.
Things that are here:
a +0 robe; a spriggan corpse
Things that are here:
+0 shadow dragon scales; a shadow dragon corpse
Things that are here:
a +1 great sword of flaming; a +0 battleaxe of freezing; a frost giant corpse You reach down and open the door.
A frost giant comes into view.
It is wielding a +0 battleaxe of freezing.
The frost giant shouts!
The frost giant gestures at you while chanting.
The bolt of cold hits you!!!
Found a wand of flame (23).
Aiming: Iron Shot (safe; 0% risk of failure)
Press: ? - help, Q - select action, (/) - cycle Shift-Dir - straight line, f - you
Okay, then.
Aiming: Iron Shot (safe; 0% risk of failure)
Press: ? - help, Q - select action, (/) - cycle Shift-Dir - straight line, f - frost giant
Aim: a frost giant, wielding a +0 battleaxe of freezing (98% to hit)
You feel a strong surge of power!
The iron shot hits the frost giant!!!
The frost giant is heavily wounded.
The frost giant hits you with a +0 battleaxe of freezing!!
The frost giant freezes you!
Aiming: Iron Shot (safe; 0% risk of failure)
Press: ? - help, Q - select action, (/) - cycle Shift-Dir - straight line, f/p - frost giant
Aim: a frost giant, wielding a +0 battleaxe of freezing (heavily wounded, 98% to hit)
Okay, then.
Casting: Iron Shot (safe; 0% risk of failure)
Confirm with . or Enter, or press ? or * to list all spells.
You feel a surge of power!
You blink.
The frost giant gestures at you while chanting.
The bolt of cold hits you!!!
You die...

#...# , , ,
#.[.# * ,
,,,#.).#,,,
,#...# ,, ,
, +...#, ,
* , #...# *
** , #...#
, * * ,
#...#, , ,
* **
*#..@#** *
, , #...# ,
,, * ,#..§#
, , ,
##C##, , ,
,,,../. , ,
, ......+
,, ,
........# ,
,........#
,
,.#......#


You could see a frost giant.

Vanquished Creatures
  the Lernaean hydra (Swamp:4)
  Vashnia (Snake:2)
  Rupert (Lair:5)
  A lich (Depths:1)
  2 sphinxes
  Kirke (D:14)
  2 thorn hunters (Swamp:4)
  2 tengu reavers
  Gastronok (Lair:3)
  2 frost giants (Vaults:4)
  A shadow dragon (Depths:2)
  A revenant (Vaults:2)
  13 nagarajas (Snake:4)
  2 fire giants
  2 orc warlords
  17 vault wardens
  A curse skull (Vaults:2)
  21 ironbound preservers
  5 very ugly things
  A stone giant (Depths:2)
  A deep elf annihilator (Vaults:2)
  5 bunyips
  4 spark wasps (Depths:2)
  An ettin (Depths:1)
  3 eleionomae
  Snorg (Lair:3)
  A crystal guardian (Vaults:4)
  Josephine (Snake:1)
  7 yaktaur captains
  2 great orbs of eyes
  2 shambling mangroves
  2 fire dragons
  15 naga warriors
  5 ironbound thunderhulks
  A rakshasa (Depths:1)
  3 ice dragons
  3 ghost crabs
  A spriggan air mage (Depths:2)
  23 hydras
  9 boulder beetles
  23 vault guards
  2 peacekeepers (Vaults:4)
  6 salamander tyrants
  6 alligators
  7 two-headed ogres
  5 anacondas
  9 ironbound frosthearts
  2 vampire magi (Depths:1)
  16 centaur warriors
  5 tengu warriors
  3 deep troll earth magi (Depths:1)
  6 death yaks (Lair:4)
  4 ironbound beastmasters
  A titan zombie (Depths:1)
  5 orc high priests (Orc:2)
  13 naga sharpshooters
  5 shock serpents
  Sonja (D:11)
  4 hell knights (Vaults:4)
  A deep elf knight (D:14)
  6 salamander mystics
  An iron troll (Depths:1)
  2 glowing orange brains
  A spark wasp zombie (Depths:1)
  A flayed ghost (Depths:2)
  4 sea snakes
  2 spriggan druids (Swamp:1)
  44 deep trolls
  12 swamp dragons
  5 bog bodies
  4 naga ritualists
  6 goliath frogs
  2 phantasmal warriors
  8 wizards
  12 orc knights
  22 ironbound convokers
  4 harpies (Vaults:2)
  2 necromancers
  2 deep elf pyromancers (D:13)
  11 lindwurms
  4 orc sorcerers (Orc:2)
  A wolf spider (D:15)
  28 ugly things
  8 mana vipers
  5 cyclopes
  4 will-o-the-wisps
  A moth of wrath (shapeshifter) (D:15)
  5 manticores
  19 salamanders
  2 molten gargoyles (Lair:6)
  10 elephants
  7 guardian serpents
  A gargoyle (D:14)
  18 naga magi
  16 vault sentinels
  30 black mambas
  3 orange demons (D:12)
  2 torpor snails
  14 cane toads
  A yaktaur zombie (Vaults:3)
  18 komodo dragons
  A kobold demonologist (D:11)
  2 freezing wraiths (D:14)
  A rime drake (Lair:6)
  7 tengu conjurers
  30 yaktaurs
  2 polar bears
  5 tyrant leeches
  A polar bear (shapeshifter) (D:11)
  7 trolls
  34 slime creatures
  13 hornets
  7 dream sheep (Lair:6)
  18 blink frogs
  A centaur simulacrum (D:14)
  5 spriggans (Swamp:1)
  2 shadows
  7 hogs (D:14)
  2 vampires (D:11)
  6 wraiths
  5 wyverns (Lair:6)
  6 water elementals (Depths:1)
  51 yaks
  A golden eye (shapeshifter) (D:10)
  8 basilisks
  6 vampire mosquitoes
  8 steam dragons
  19 swamp worms
  5 wargs
  3 acid dragons
  55 nagas
  9 water moccasins
  4 hell hounds (Lair:6)
  10 swamp drakes
  4 black bears
  An ogre skeleton (Vaults:3)
  32 orc warriors
  A sky beast (D:6)
  2 ice beasts
  5 ogres
  2 necrophages
  19 wolves
  3 boggarts (D:14)
  3 centaurs
  3 kobold brigands
  9 bullfrogs
  3 gnoll sergeants
  An ogre simulacrum (Vaults:3)
  6 scorpions
  2 water moccasin zombies
  3 water moccasin skeletons (D:5)
  5 wights (D:8)
  4 howler monkeys
  5 electric eels
  A crimson imp (D:4)
  2 centaur zombies
  5 lava snakes (Lair:6)
  A gnoll shaman (D:6)
  3 hounds
  23 orc priests
  3 centaur skeletons
  2 jellies (D:5)
  2 iguanas (D:5)
  Natasha (thrice) (D:3)
  35 orc wizards
  8 hell rats (Lair:1)
  2 hound skeletons
  17 gnolls
  A howler monkey zombie (D:7)
  5 adders
  8 river rats (Lair:1)
  5 dart slugs
  85 orcs
  7 ball pythons
  8 bats
  7 endoplasms
  A giant cockroach (D:3)
  7 goblins
  8 hobgoblins
  4 jackals
  18 kobolds
  10 quokkas
  5 frilled lizards
  A goblin zombie (D:4)
  A hobgoblin zombie (D:4)
  A kobold skeleton (D:4)
  2 kobold zombies (D:4)
  An orc skeleton (D:4)
  2 orc zombies (D:4)
  19 rats
  A butterfly (Lair:3)
1408 creatures vanquished.

Vanquished Creatures (collateral kills)
  A frost giant (Depths:2)
  An orc warlord (Orc:2)
  An ironbound convoker (Vaults:1)
  A slime creature (Vaults:1)
  An orc wizard (Orc:2)
5 creatures vanquished.

Vanquished Creatures (others)
  A fire giant (Depths:2)
  A nagaraja (Snake:4)
  2 dancing weapons
  A wizard (Vaults:4)
  A bloated husk (Swamp:4)
  3 briar patches (Swamp:4)
  237 foxfires
  38 fungi
  31 plants
  3 toadstools (Depths:1)
318 creatures vanquished.

Grand Total: 1731 creatures vanquished

Notes
Turn   | Place    | Note
-------+----------+-------------------------------------------
     0 | D:1      | ravioli the Djinni Fire Elementalist began the quest for
                  | the Orb.
     0 | D:1      | Reached XP level 1. HP: 15/15 MP: 0/0
    22 | D:1      | Reached skill level 6 in Spellcasting
    22 | D:1      | Reached XP level 2. HP: 21/21 MP: 0/0
    23 | D:1      | Reached skill level 8 in Spellcasting
    23 | D:1      | Reached XP level 3. HP: 25/25 MP: 0/0
    23 | D:1      | Learned a level 1 spell: Beastly Appendage
   311 | D:1      | Found Wumasosm's Assorted Antiques.
  1254 | D:1      | Reached XP level 4. HP: 30/31 MP: 0/0
  2314 | D:2      | Found a faded altar of an unknown god.
  2400 | D:3      | Reached XP level 5. HP: 34/35 MP: 0/0
  2400 | D:3      | Learned a level 2 spell: Blink
  2426 | D:3      | Found a white marble altar of Elyvilon.
  2884 | D:3      | Noticed Natasha
  2889 | D:3      | Killed Natasha
  2890 | D:3      | Reached skill level 9 in Spellcasting
  3181 | D:3      | Found an opulent altar of Gozag.
  3189 | D:3      | Found a sacrificial altar of Ru.
  3367 | D:3      | Noticed Natasha
  3368 | D:3      | Killed Natasha
  3485 | D:3      | Noticed Natasha
  3489 | D:3      | Killed Natasha
  3490 | D:3      | Reached XP level 6. HP: 34/40 MP: 0/0
  3658 | D:4      | Noticed a steam dragon
  3668 | D:4      | Killed a steam dragon
  3757 | D:4      | Reached XP level 7. HP: 34/45 MP: 0/0
  3757 | D:4      | Learned a level 3 spell: Confusing Touch
  4213 | D:4      | Found a glowing golden altar of the Shining One.
  4748 | D:1      | Bought a shimmering copper amulet for 130 gold pieces
  4748 | D:1      | Identified the amulet "Plog" {rElec Regen+ Int+5 Dex+2}
                  | (You bought it in a shop on level 1 of the Dungeon)
  5141 | D:4      | Found a blossoming altar of Fedhas.
  5473 | D:4      | Found a stormy altar of Qazlal.
  5478 | D:4      | Reached XP level 8. HP: 41/50 MP: 0/0
  5788 | D:5      | Entered Level 5 of the Dungeon
  5788 | D:5      | Noticed a hornet
  5791 | D:5      | Killed a hornet
  6136 | D:5      | Identified the +5 hand axe "Murmur" {protect, rF+ rCorr
                  | Str+5 Dex-3}
  6200 | D:5      | Reached skill level 10 in Spellcasting
  6340 | D:5      | Reached XP level 9. HP: 51/56 MP: 0/0
  6340 | D:5      | Learned a level 3 spell: Tukima's Dance
  6649 | D:5      | Found a hide-covered altar of Uskayaw.
  7067 | D:1      | Bought 2 glowing silvery potions for 46 gold pieces
  7369 | D:6      | Found a staircase to the Ecumenical Temple.
  7514 | D:1      | Bought a translucent helmet for 247 gold pieces
  7514 | D:1      | Identified the +2 helmet of Distant Worlds {Regen+ Int+5}
                  | (You bought it in a shop on level 1 of the Dungeon)
  8631 | D:7      | You are sucked into a shaft and drop 1 floor!
  8638 | D:8      | Reached skill level 11 in Spellcasting
  8646 | D:8      | Reached XP level 10. HP: 55/61 MP: 0/0
  9187 | D:8      | Found a staircase to the Lair.
  9319 | D:8      | Found a shadowy altar of Dithmenos.
  9320 | D:8      | Found a hazy altar of Hepliaklqana.
  9851 | D:7      | Found Zunaclaisi's Assorted Antiques.
  9912 | Temple   | Entered the Ecumenical Temple
  9964 | Temple   | Became a worshipper of Ashenzari the Shackled
  9964 | Temple   | Identified 2 scrolls of acquirement
 10255 | D:7      | Bought a runed robe for 118 gold pieces
 11157 | D:9      | Found a staircase to the Orcish Mines.
 12435 | D:10     | Entered Level 10 of the Dungeon
 12465 | D:10     | Reached skill level 12 in Spellcasting
 12750 | D:10     | Reached XP level 11. HP: 65/66 MP: 0/0
 12750 | D:10     | Learned a level 4 spell: Dispel Undead
 12838 | D:10     | Noticed a two-headed ogre
 12841 | D:10     | Killed a two-headed ogre
 12892 | D:10     | Found Boledghuys's Island Escapes.
 12901 | D:10     | Bought a scroll of blinking for 112 gold pieces
 13073 | D:10     | Noticed a two-headed ogre
 13079 | D:10     | Killed a two-headed ogre
 13113 | D:10     | Noticed a cyclops
 13113 | D:10     | Noticed a centaur warrior
 13326 | D:10     | Killed a centaur warrior
 13343 | D:10     | Killed a cyclops
 13523 | Orc:1    | Entered Level 1 of the Orcish Mines
 13979 | Orc:2    | Entered Level 2 of the Orcish Mines
 14097 | Orc:2    | Noticed an orc knight
 14102 | Orc:2    | Killed an orc knight
 14103 | Orc:2    | Reached skill level 5 in Stealth
 14103 | Orc:2    | Reached skill level 13 in Spellcasting
 16044 | Orc:2    | Reached XP level 12. HP: 68/71 MP: 0/0
 16076 | Orc:2    | Noticed an orc high priest
 16080 | Orc:2    | Killed an orc high priest
 16102 | Orc:2    | Noticed an orc warlord
 16676 | Orc:2    | Killed an orc warlord
 17120 | Orc:2    | Noticed an orc high priest
 17123 | Orc:2    | Killed an orc high priest
 17124 | Orc:2    | Reached skill level 14 in Spellcasting
 17382 | Orc:2    | Noticed an orc high priest
 17388 | Orc:2    | Killed an orc high priest
 17679 | Orc:2    | Found Konyc's Jewellery Emporium.
 17726 | Orc:2    | Bought a ring of wizardry for 510 gold pieces
 17856 | Orc:2    | Found a staircase to the Elven Halls.
 17958 | Orc:2    | Noticed an orc high priest
 17962 | Orc:2    | Killed an orc high priest
 17963 | Orc:2    | Reached XP level 13. HP: 61/76 MP: 0/0
 17963 | Orc:2    | Learned a level 5 spell: Lightning Bolt
 18359 | Orc:2    | Found Oluestrufoy's General Store.
 18360 | Orc:2    | Found Beyziym's Book Shop.
 18362 | Orc:2    | Found Ucheyrio's Antique Armour Shop.
 18362 | Orc:2    | Found Qosar's Antique Weapon Boutique.
 18367 | Orc:2    | Bought 2 potions of curing for 72 gold pieces
 18404 | Orc:2    | Acquired a manual of Dodging
 18668 | Lair:1   | Entered Level 1 of the Lair of Beasts
 18678 | Lair:1   | Reached skill level 15 in Spellcasting
 18723 | Lair:1   | Reached skill level 5 in Dodging
 18728 | Lair:1   | Reached skill level 1 in Evocations
 19579 | Lair:1   | Noticed a seven-headed hydra
 19585 | Lair:1   | Killed a seven-headed hydra
 19606 | Lair:1   | Noticed a seven-headed hydra
 19608 | Lair:1   | Killed a seven-headed hydra
 20254 | Lair:2   | Reached skill level 16 in Spellcasting
 20478 | Lair:2   | Noticed a four-headed hydra
 20482 | Lair:2   | Killed a four-headed hydra
 20483 | Lair:2   | Reached XP level 14. HP: 75/81 MP: 0/0
 20634 | Lair:2   | Found a dark tunnel.
 21053 | Lair:2   | Found a staircase to the Swamp.
 21746 | Lair:3   | Noticed Snorg
 21751 | Lair:3   | Killed Snorg
 22062 | Lair:3   | Noticed Gastronok
 22068 | Lair:3   | Killed Gastronok
 22450 | Lair:4   | Found a staircase to the Snake Pit.
 22480 | Lair:4   | Found a runed translucent door.
 22486 | Lair:4   | Reached skill level 17 in Spellcasting
 23515 | Lair:5   | Noticed Rupert
 23525 | Lair:5   | Killed Rupert
 23526 | Lair:5   | Reached XP level 15. HP: 69/87 MP: 0/0
 23526 | Lair:5   | Learned a level 6 spell: Iron Shot
 24325 | Lair:6   | Entered Level 6 of the Lair of Beasts
 24927 | Lair:6   | Found a large runed translucent door.
 24928 | Lair:6   | Found a large runed translucent door.
 24970 | Lair:6   | Reached skill level 1 in Fighting
 25112 | Lair:6   | Reached skill level 18 in Spellcasting
 25286 | Lair:6   | Found the +8 arc blade {discharge, rElec}
 25300 | Lair:6   | Found a staircase to the Slime Pits.
 25790 | Lair:6   | Reached * piety under Ashenzari
 26107 | Snake:1  | Entered Level 1 of the Snake Pit
 26161 | Snake:1  | Found Vefron's General Store.
 26167 | Snake:1  | Found Jilarrak's Jewellery Boutique.
 26170 | Snake:1  | Bought a potion of haste for 120 gold pieces
 26400 | Orc:2    | Bought the amulet of Raecwoawn {Reflect Rampage Int+3 SH+5}
                  | for 736 gold pieces
 26769 | Snake:1  | Reached skill level 5 in Evocations
 26949 | Snake:1  | Noticed Josephine
 26955 | Snake:1  | Killed Josephine
 26972 | Snake:1  | Reached XP level 16. HP: 60/95 MP: 0/0
 27320 | Snake:1  | Reached ** piety under Ashenzari
 27793 | Snake:2  | Found an opulent altar of Gozag.
 29118 | Snake:2  | Noticed Vashnia
 29132 | Snake:2  | Acquired a manual of Evocations
 29144 | Snake:2  | Reached skill level 1 in Shields
 29144 | Snake:2  | Reached skill level 19 in Spellcasting
 29582 | D:11     | Noticed Sonja
 29588 | D:11     | Identified the +0 buckler of Free Will {rPois rC++ Will-
                  | Int+3}
 29590 | D:11     | Killed Sonja
 29768 | Orc:2    | Reached *** piety under Ashenzari
 31715 | D:11     | Reached XP level 17. HP: 101/105 MP: 0/0
 31715 | D:11     | Learned a level 7 spell: Summon Hydra
 34173 | D:13     | Found Gokkoel's Jewellery Emporium.
 34893 | D:14     | Noticed Kirke
 34909 | D:14     | Killed Kirke
 36261 | D:14     | Found a gate to the Vaults.
 36267 | D:14     | Reached skill level 10 in Evocations
 37002 | D:14     | Reached skill level 20 in Spellcasting
 37287 | D:15     | Entered Level 15 of the Dungeon
 37574 | D:15     | Found a staircase to the Depths.
 39628 | Snake:3  | Reached XP level 18. HP: 81/111 MP: 0/0
 39752 | Snake:2  | Killed Vashnia
 40139 | Swamp:1  | Entered Level 1 of the Swamp
 42100 | Swamp:3  | Found a transporter.
 42216 | Swamp:3  | Found a bloodstained altar of Trog.
 42216 | Swamp:3  | Noticed Jacimip's ghost (journeyman HaHu)
 42225 | Swamp:3  | Found a transporter.
 42810 | Swamp:4  | Entered Level 4 of the Swamp
 43076 | Swamp:4  | Reached skill level 21 in Spellcasting
 43181 | Swamp:4  | Reached XP level 19. HP: 62/116 MP: 0/0
 43181 | Swamp:4  | Learned a level 6 spell: Shadow Creatures
 43830 | Swamp:4  | Noticed the 27-headed Lernaean hydra
 44381 | Snake:3  | Identified the +6 chain mail of Arhyqy {Harm rElec rPois
                  | Str-3}
 45649 | Swamp:4  | Killed the 27-headed Lernaean hydra
 47089 | Swamp:4  | Got a decaying rune of Zot
 48949 | Snake:3  | Found a hazy altar of Hepliaklqana.
 49624 | Snake:4  | Entered Level 4 of the Snake Pit
 51519 | Snake:4  | Identified the +0 mace "Orb Guardian's Peril" {pain, rN+}
 52659 | Snake:4  | Reached XP level 20. HP: 116/121 MP: 0/0
 53288 | Snake:4  | Reached skill level 22 in Spellcasting
 54050 | Snake:4  | Got a serpentine rune of Zot
 54720 | Vaults:1 | Entered Level 1 of the Vaults
 55035 | Vaults:1 | HP: 3/121 [ironbound frostheart/creeping frost[a vault
                  | warden] (27)]
 55409 | Vaults:1 | Acquired the ring "Ucruerch" {rF+ Will+ Stlth+}
 56077 | Vaults:1 | Reached skill level 5 in Shields
 57063 | Vaults:1 | Found Ziac's General Store.
 57073 | Vaults:1 | Bought 2 potions of heal wounds for 140 gold pieces
 57073 | Vaults:1 | Bought 3 scrolls of enchant armour for 315 gold pieces
 58106 | Vaults:1 | Reached XP level 21. HP: 119/124 MP: 0/0
 58106 | Vaults:1 | Learned a level 7 spell: Haunt
 59500 | Vaults:2 | Identified the ring of Gydwav {Fly AC+4 SInv}
 59773 | Vaults:2 | Reached skill level 23 in Spellcasting
 59839 | Vaults:2 | Found a staircase to the Crypt.
 60926 | Vaults:2 | Found Hioqueg's Magic Scroll Emporium.
 60939 | Vaults:2 | Bought a scroll of teleportation for 54 gold pieces
 60939 | Vaults:2 | Bought a scroll of summoning for 171 gold pieces
 60939 | Vaults:2 | Bought a scroll of holy word for 135 gold pieces
 60939 | Vaults:2 | Bought a scroll of teleportation for 54 gold pieces
 60939 | Vaults:2 | Bought a scroll of magic mapping for 63 gold pieces
 61754 | Vaults:2 | Acquired 1064 gold pieces
 64232 | Vaults:3 | Reached XP level 22. HP: 115/130 MP: 0/0
 65930 | Vaults:4 | Reached skill level 24 in Spellcasting
 66063 | Vaults:4 | Found a magical portal.
 66075 | WizLab   | Entered Wucad Mu's Monastery
 68179 | Vaults:4 | Reached XP level 23. HP: 124/134 MP: 0/0
 68179 | Vaults:4 | Learned a level 8 spell: Discord
 68776 | Depths:1 | Entered Level 1 of the Depths
 68885 | Depths:1 | Found a gateway to Hell.
 69424 | Depths:1 | Found a basalt altar of Yredelemnul.
 69688 | Depths:1 | Found a one-way gate to the infinite horrors of the Abyss.
 71386 | Depths:2 | Reached skill level 25 in Spellcasting
 71615 | Depths:2 | Killed from afar by a frost giant

Illustrated notes

Levels and vault maps discovered:
D:1:      matt_arrival_los_fun, layout_basic, serial_shops,
          nicolae_shop_overgrown_old_shop
D:2:      layout_rooms, shapermc_ecumenical_altar_venn, minmay_tall_x
D:3:      layout_loops_ring, lemuel_doored_altar, mainiacjoe_overflow_big_doors,
          kennysheep_generic_room_7, uniq_natasha
D:4:      layout_basic, nicolae_tso_besieged_by_evil,
          fedhas_altar_decomposition, nicolae_qazlal_eye_of_the_storm,
          nicolae_ossuary_entry_monument
D:5:      minmay_bubble_buster, layout_rooms, amcnicky_altar_gilded
D:6:      layout_cave_pods, temple_pool_b
D:7:      layout_basic, serial_shops, nicolae_shop_waterfront
D:8:      layout_rooms, riverfiend_overflow_shadow_ancestor,
          nicolae_overflow_hidden_temple, grunt_lair_entry_orc_guard_hut
D:9:      layout_basic, david_orc_3, minivault_25_ag, moated_statue,
          amcnicky_mini_pool_small
D:10:     kennysheep_big_flooded_room, layout_irregular_city,
          nicolae_island_escapes
D:11:     minmay_the_grid_octo_2x2 [minmay_the_grid_octo_odd_swirl,
          minmay_the_grid_octo_thin_diamonds,
          minmay_the_grid_octo_tetromino_candy,
          minmay_the_grid_octo_prize_square_snowflake], layout_basic, uniq_sonja
D:12:     layout_loops_ring, einodemon_barbed_minivault
D:13:     layout_basic, serial_shops, shop_fountains
D:14:     layout_small_grid, grunt_vaults_entry_fortified,
          roderic_roman_lattice, uniq_kirke
D:15:     hangedman_depths_entry_try_elsewhere_first, layout_basic
Temple:   nicolae_temple_x_marks_the_god
Lair:1:   lemuel_ratsnest, layout_cellular_growth,
          nicolae_quartered_pool_medium, beast_lair_carwin_3,
          serial_bayou_shore_a
Lair:2:   layout_roguey, nicolae_swamp_entry_splash_gauntlet,
          nicolae_volcano_entry_two_sided, minmay_holes, st_stairs_9,
          lemuel_fruit_fields
Lair:3:   layout_cellular_growth, uniq_snorg, uniq_gastronok
Lair:4:   layout_gridlike, dummy_snake_entry, st_stairs_4, pf_torpor_hydra,
          grunt_megastairs_3
Lair:5:   layout_roguey, beast_lair_carwin_2, uniq_rupert
Lair:6:   cheibrodos_lair_end_hotspot, layout_gridlike, slime_dummy
Swamp:1:  layout_basic_swamp, evilmike_swamp_ruin_house_5
Swamp:2:  layout_basic_swamp, evilmike_swamp_ruin_rubble_2
Swamp:3:  layout_basic_swamp, gammafunk_ghost_wrathful_warriors,
          infiniplex_staircase_pool_2
Swamp:4:  swamp_alternative, layout_basic_swamp, swamp_pool2
Snake:1:  layout_onion_interference, serial_bayou_ford_a, minmay_shop_star,
          uniq_josephine
Snake:2:  layout_gridlike, basic_altar, grunt_megastairs_1, uniq_vashnia
Snake:3:  layout_basic, basic_altar
Snake:4:  grunt_snake_rune_spirals, layout_onion
Orc:1:    layout_diamond_mine
Orc:2:    st_orc_congregation, layout_caves, serial_shops, nicolae_shop_trees,
          statue_in_the_mist_lemuel, mines4_lemuel
Vaults:1: v_misc_9, v_rooms_2, ontoclasm_vaults_twist, nicolae_vaults_meeting,
          nicolae_vaults_mini_display_case, nicolae_vaults_three_branches,
          nicolae_vaults_angled_halls, grunt_vaults_diagonal,
          vaults_room_door_ring, layout_vaults_big_room, serial_shops, shop
Vaults:2: vaults_room_ringed_pool, v_misc_17, ontoclasm_vaults_ligature,
          st_lines, vaults_room_stairs_pillars, minmay_crypt_entry_simple_plaza,
          vaults_dpeg_spiral, nicolae_vaults_little_squares_2,
          ontoclasm_vaults_decontamination, hangedman_vaults_snaps,
          grunt_vaults_bifocal, ontoclasm_vaults_idyll,
          hangedman_vaults_stretched_pinwheel, ontoclasm_vaults_loading_screen,
          nicolae_vaults_ring_of_whatevers, vaults_dpeg_diagonal,
          layout_vaults_maze_snakey, serial_shops, shop
Vaults:3: v_misc_27, ontoclasm_vaults_hangar, nicolae_vaults_little_squares_3,
          nicolae_vaults_little_squares_4, nicolae_vaults_little_squares_2,
          hangedman_vaults_capsules, nicolae_vaults_little_squares_1, v_misc_3,
          layout_vaults_omnigrid
Vaults:4: nicolae_vaults_theta, ontoclasm_vaults_eye,
          nicolae_vaults_specimen_jars, nicolae_vaults_shelves_hall,
          ontoclasm_vaults_bender, ontoclasm_vaults_tryst,
          vaults_room_door_hall, nicolae_vaults_circle_grid_a,
          dpeg_vaults_monster_row, nicolae_vaults_sealed_display,
          hangedman_vaults_trim, dpeg_vaults_monster_box, layout_vaults_ring,
          infiniplex_enter_wizlab_glasses
Depths:1: layout_cave_pools, abyss_entry_small_statue_room, hell_entry,
          nicolae_two_hexagons, minmay_gold_behind_fungi,
          lemuel_zombie_altar_yredelemnul
Depths:2: vault_1, layout_basic, pan_entry, pf_hell_entry_tar_river,
          nicolae_ru_path_of_blood, st_stairs_12, zin_statuary

Skill      XL: |  1  2  3  4  5  6  7  8  9 10 11 12 13 14 15 16 17 18 19 20 21 22 23 |
---------------+----------------------------------------------------------------------+-----
Spellcasting   | 6 8 9 10 11 12 13 14 16 17 18 19 20 21 22 23 24 25 | 25.0
Dodging        | 3 4 5 8 |  8.6
Stealth        | 2 3 4 5 6 7 |  7.8
Evocations     | 1 2 5 8 10 12 14 | 14.6
Fighting       | 1 |  1.6
Shields        | 1 2 3 4 5 6 7 |  7.2

Action                   |  1- 3 |  4- 6 |  7- 9 | 10-12 | 13-15 | 16-18 | 19-21 | 22-24 || total
-------------------------+-------+-------+-------+-------+-------+-------+-------+-------++-------
Melee: Unarmed           |     1 |       |       |       |       |       |       |       ||     1
       Staff             |       |       |       |       |     3 |     3 |     1 |       ||     7
 Cast: Foxfire           |    21 |    45 |    48 |    18 |     1 |     5 |       |       ||   138
       Sticky Flame      |       |     3 |     9 |     8 |     9 |       |       |       ||    29
       Fireball          |       |     6 |    61 |   194 |   244 |    45 |     6 |     1 ||   557
       Blink             |       |     1 |     2 |     6 |    12 |    13 |     7 |     7 ||    48
       Tukima's Dance    |       |       |       |     2 |       |     1 |       |       ||     3
       Lightning Bolt    |       |       |       |       |     4 |    19 |     8 |     2 ||    33
       Iron Shot         |       |       |       |       |    51 |   350 |   410 |   245 ||  1056
       Dispel Undead     |       |       |       |       |       |     3 |     1 |     3 ||     7
       Shadow Creatures  |       |       |       |       |       |       |     2 |       ||     2
       Discord           |       |       |       |       |       |       |       |     1 ||     1
Invok: Curse Item        |       |       |       |       |     2 |     2 |       |       ||     4
       Shatter the Chain |       |       |       |       |       |       |     1 |       ||     1
Evoke: Wand              |       |       |     2 |     1 |       |       |       |       ||     3
       Condenser vane    |       |       |       |       |       |       |     1 |     2 ||     3
       Box of beasts     |       |       |       |       |       |       |     1 |       ||     1
       Tin of tremorston |       |       |       |       |       |       |     1 |       ||     1
       Lightning rod     |       |       |       |       |       |       |       |     1 ||     1
  Use: Potion            |     2 |       |       |     2 |     1 |     4 |     7 |     5 ||    21
       Scroll            |       |       |       |     1 |     2 |     4 |     9 |     5 ||    21
Armor: Robe              |     2 |     4 |     4 |    15 |     4 |    17 |    23 |    15 ||    84
Dodge: Dodged            |     6 |    11 |    13 |    11 |    25 |    45 |    49 |    44 ||   204
Block: Other             |       |       |       |       |     1 |     6 |       |       ||     7
       Kite shield       |       |       |       |       |       |    39 |    51 |    59 ||   149
       Reflection        |       |       |       |       |       |    10 |    29 |    18 ||    57
